 Dungeon Crawl Stone Soup version 0.30-a0-160-gcfceee88d3 (webtiles) character file.

Game seed: 14456810240066710252

578 qw the Shield-Bearer (level 7, -3/41 HPs)
             Began as a Gargoyle Fighter on Sept 27, 2022.
             Slain by a wight
             ... wielding a +4 scimitar
              (5 damage)
             ... on level 7 of the Dungeon.
             The game lasted 00:01:24 (4477 turns).

qw the Shield-Bearer (Gargoyle Fighter)             Turns: 4477, Time: 00:01:25

Health: -3/41      AC: 13    Str: 27    XL:     7   Next: 36%
Magic:  7/7        EV:  6    Int:  9    God:
Gold:   108        SH: 13    Dex:  9    Spells: 6/6 levels left

rFire   . . .      SeeInvis .    Y - +0 war axe
rCold   . . .      Faith    .    e - +0 tower shield
rNeg    + . .      Spirit   .    b - +0 scale mail
rPois   inf        Reflect  .    k - +2 hat
rElec   +          Harm     .    (no cloak)
rCorr   +          Rampage  .    (no gloves)
Will    .....                    (no boots)
Stlth   ..........               l - amulet of the acrobat
HPRegen 0.13/turn                i - ring of resist corrosion
MPRegen 0.10/turn                s - +6 ring of strength

@: about to teleport, flying
A: sickness immunity, AC +4, negative energy resistance 1, electricity
resistance, torment resistance 1, petrification resistance
a: no special abilities


You were on level 7 of the Dungeon.
You visited 1 branch of the dungeon, and saw 7 of its levels.

You collected 141 gold pieces.
You spent 33 gold pieces at shops.


Innate Abilities, Weirdness & Mutations

You are immune to sickness and miasma.
Your stone body is resilient. (AC +4)
You are immune to poison.
You resist negative energy. (rN+)
You are resistant to electric shocks. (rElec)
You are resistant to unholy torment.
You are immune to petrification.


   Skills:
 - Level 3.2 Fighting
 - Level 4.2 Axes
 - Level 3.2 Armour
 + Level 7.7 Shields


You had 6 spell levels left.
You didn't know any spells.
Your spell library was empty.

Inventory:

Hand Weapons
 a - the +8 whip of the Inviting Lamprey {vorpal, Str+4}
   (You found it on level 7 of the Dungeon)

   It inflicts extra damage upon your enemies.
   Str:       It affects your strength (+4).
 Y - a +0 war axe (weapon)
Missiles
 g - a silver boomerang (quivered)
 q - 3 boomerangs
Armour
 b - a +0 scale mail (worn)
 e - a +0 tower shield (worn)
 k - a +2 hat (worn)
Jewellery
 i - a ring of resist corrosion (left hand)
 l - an amulet of the acrobat (around neck)
 s - a +6 ring of strength (right hand)
Scrolls
 t - a scroll of identify
Potions
 d - a potion of might
 f - 3 potions of curing
 h - a potion of resistance
 j - 2 potions of attraction
 m - a potion of brilliance {unknown}
 n - a potion of berserk rage {unknown}
 o - a potion of heal wounds {unknown}
 r - a potion of magic {unknown}

Dungeon Overview and Level Annotations

Branches:
Dungeon (8/15)
 Temple: D:4-7         Lair: D:8-11

Altars:
Gozag
Hepliaklqana

Shops:
D:2 =!*(!   D:4 :

Annotations:
D:4 3 runed translucent doors, qw's ghost, amateur GrFi
D:5 Duvessa; Pikel


Message History

Throw: boomerang (silver)
Press: ? - help, Q - select action, (/) - cycle Shift-Dir - straight line, f/p - wight You throw a silver boomerang.
The silver boomerang hits the wight.
The wight is lightly damaged.
Throw: boomerang (silver)
Press: ? - help, Q - select action, (/) - cycle Shift-Dir - straight line, f/p - wight You throw a silver boomerang.
The silver boomerang barely misses the wight.
The silver boomerang barely misses the wight.
You closely miss the wight.
The wight is lightly damaged.
You hit the wight. You block the wight's attack. The wight barely misses you.
The wight hits you with a +3 great sword.
You block the wight's attack.
You closely miss the wight.
The wight is moderately damaged.
You hit the wight. You slash the wight! You block the wight's attack.
The wight hits you with a +3 great sword.
You block the wight's attack.
The wight hits you with a +3 great sword!
You block the wight's attack. The wight hits you with a +4 scimitar.
You barely miss the wight.
The wight is severely damaged.
You hit the wight but do no damage. You hit the wight.
You block the wight's attack.
The wight hits you but does no damage. x2
You barely miss the wight.
The wight is severely damaged.
You barely miss the wight. You closely miss the wight.
You block the wight's attack.
The wight hits you with a +3 great sword.
You block the wight's attack.
The wight hits you with a +3 great sword!
The wight hits you but does no damage. The wight completely misses you.
4477 ||| READING scroll of teleportation.
As you read the scroll of teleportation, it crumbles to dust.
You feel strangely unstable. The wight hits you with a +4 scimitar.
You die...

...........##
............###
............#.##
##..(....##...##
##............#
............##
.....[....##.###
...............#
.............@.#
........#.zzz.#
........#....##
..........$..
.....#......
............#
.........#..
#..........##


You could see 3 wights.

Vanquished Creatures
  2 ogres (D:4)
  A scorpion (D:4)
  Dowan (D:5)
  A jelly (D:4)
  A hound (D:4)
  An orc priest (D:3)
  Jessica (D:3)
  An orc wizard (D:3)
  7 adders
  5 worms
  2 dart slugs
  5 orcs (D:3)
  7 ball pythons
  3 endoplasms
  3 giant cockroaches
  5 goblins
  8 hobgoblins
  2 jackals (D:2)
  4 quokkas
  4 bats
  A frilled lizard (D:1)
  7 kobolds
  9 rats
81 creatures vanquished.

Notes
Turn   | Place    | Note
-------+----------+-------------------------------------------
     0 | D:1      | qw the Gargoyle Fighter began the quest for the Orb.
     0 | D:1      | Reached XP level 1. HP: 14/14 MP: 1/1
     0 | D:1      | 0 ||| qw: Version: 0.2-a-10-g37ed214
     0 | D:1      | 0 ||| qw: Game counter: 589
     0 | D:1      | 0 ||| qw: Always use a shield: true
     0 | D:1      | 0 ||| qw: God list: Okawaru
     0 | D:1      | 0 ||| qw: Allow faded altars: false
     0 | D:1      | 0 ||| qw: Do Orc after D:15 true
     0 | D:1      | 0 ||| qw: Do second Lair branch before Depths: true
     0 | D:1      | 0 ||| qw: Lair rune preference: random
     0 | D:1      | 0 ||| qw: Plans: Normal, Zot:1-4, God:TSO, Crypt, Tomb,
                  | Pan, Slime:5, Hells, Abyss, Orb
     0 | D:1      | 0 ||| PLANNING D:1-11
   212 | D:1      | Reached XP level 2. HP: 19/19 MP: 2/2
   311 | D:1      | 311 ||| DROPPING +0 club.
   579 | D:1      | 579 ||| Stepping ~*~*~tactically~*~*~ (stealth).
   630 | D:1      | 630 ||| Stepping ~*~*~tactically~*~*~ (hiding).
   631 | D:1      | 631 ||| Stepping ~*~*~tactically~*~*~ (hiding).
   695 | D:1      | 695 ||| Stepping ~*~*~tactically~*~*~ (stealth).
   696 | D:1      | 696 ||| Stepping ~*~*~tactically~*~*~ (stealth).
   891 | D:1      | Reached skill level 3 in Axes
  1096 | D:1      | Reached XP level 3. HP: 23/23 MP: 3/3
  1512 | D:1      | 1512 ||| UPGRADING to ring of resist corrosion.
  1513 | D:1      | 1513 ||| READING scroll labelled HONOOLIROI.
  1514 | D:1      | 1514 ||| READING scroll labelled REK MUOXOIHURY.
  1515 | D:1      | 1515 ||| DRINKING 2 golden potions.
  1537 | D:2      | 1537 ||| STAIRDANCE
  1574 | D:2      | 1574 ||| STAIRDANCE
  1630 | D:2      | 1630 ||| Stepping ~*~*~tactically~*~*~ (hiding).
  1633 | D:2      | 1633 ||| Stepping ~*~*~tactically~*~*~ (hiding).
  1658 | D:2      | Found Keshrik's Jewellery Shoppe.
  1668 | D:2      | 1668 ||| SHOPLISTING +4 ring of evasion (360 gold, have
                  | 23).
  1668 | D:2      | 1668 ||| SHOPLISTING amulet "Ubiuff" {Reflect Regen+ SH+5}
                  | (370 gold, have 23).
  1668 | D:2      | 1668 ||| SHOPLISTING amulet of the Bequeathed God {Will+
                  | Regen+ Int+5 Dex+4} (615 gold, have 23).
  1668 | D:2      | 1668 ||| SHOPLISTING ring of see invisible (150 gold, have
                  | 23).
  1770 | D:2      | Found a faded altar of an unknown god.
  1802 | D:2      | Reached XP level 4. HP: 28/28 MP: 4/4
  1840 | D:2      | Found Jugamipe's Distillery.
  1848 | D:2      | 1848 ||| SHOPLISTING 2 potions of might (88 gold, have 31).
  1848 | D:2      | 1848 ||| SHOPLISTING potion of haste (110 gold, have 31).
  1848 | D:2      | 1848 ||| SHOPLISTING potion of might (44 gold, have 31).
  1848 | D:2      | 1848 ||| SHOPLISTING potion of resistance (110 gold, have
                  | 31).
  1871 | D:2      | Found Utrunoq's General Store.
  1892 | D:2      | 1892 ||| SHOPLISTING potion of curing (39 gold, have 31).
  1892 | D:2      | 1892 ||| SHOPLISTING potion of haste (130 gold, have 31).
  1892 | D:2      | 1892 ||| SHOPLISTING potion of heal wounds (65 gold, have
                  | 31).
  2158 | D:2      | Found Lacwych's Distillery.
  2162 | D:2      | Found Gies's Weapon Shoppe.
  2167 | D:2      | 2167 ||| BUYING potion of attraction (33 gold).
  2167 | D:2      | Bought a potion of attraction for 33 gold pieces
  2167 | D:2      | 2167 ||| SHOPLISTING potion of might (44 gold, have 6).
  2167 | D:2      | 2167 ||| SHOPLISTING potion of mutation (88 gold, have 6).
  2189 | D:2      | 2189 ||| UPGRADING to +0 tower shield.
  2199 | D:2      | 2199 ||| DROPPING +0 buckler.
  2200 | D:2      | 2200 ||| UPGRADING to amulet of the acrobat.
  2205 | D:2      | 2205 ||| READING scroll labelled ZEVEPE LYVOE.
  2401 | D:3      | 2401 ||| Stepping ~*~*~tactically~*~*~ (hiding).
  2410 | D:3      | Reached skill level 4 in Shields
  2410 | D:3      | Reached XP level 5. HP: 32/32 MP: 5/5
  2507 | D:3      | 2507 ||| DROPPING +0 whip.
  2575 | D:3      | Noticed Jessica
  2576 | D:3      | 2576 ||| Stepping ~*~*~tactically~*~*~ (hiding).
  2578 | D:3      | 2578 ||| Stepping ~*~*~tactically~*~*~ (hiding).
  2588 | D:3      | Killed Jessica
  2589 | D:3      | Reached skill level 5 in Shields
  3079 | D:3      | 3079 ||| UPGRADING to +6 ring of strength.
  3080 | D:3      | 3080 ||| READING 2 scrolls labelled WAXTEOWNAHA.
  3083 | D:3      | 3083 ||| READING 2 scrolls labelled CULATT FIAD.
  3084 | D:3      | 3084 ||| READING scroll labelled FEHOIW IMNYLI.
  3085 | D:3      | 3085 ||| READING 4 scrolls labelled SOUCOJAEHAH.
  3086 | D:3      | 3086 ||| DROPPING scroll of fear.
  3087 | D:3      | 3087 ||| DROPPING 3 scrolls of poison.
  3109 | D:4      | 3109 ||| STAIRDANCE
  3308 | D:4      | Noticed an ogre
  3316 | D:4      | Killed an ogre
  3317 | D:4      | Reached skill level 6 in Shields
  3317 | D:4      | Reached XP level 6. HP: 31/37 MP: 6/6
  3380 | D:4      | Found Vuahi's Book Emporium.
  3557 | D:4      | Reached XP level 7. HP: 40/41 MP: 7/7
  3596 | D:4      | Found a hazy altar of Hepliaklqana.
  3605 | D:4      | Reached skill level 7 in Shields
  3912 | D:4      | Found a runed translucent gate.
  3912 | D:4      | Found a runed translucent gate.
  3912 | D:4      | Found an opulent altar of Gozag.
  3912 | D:4      | Found a runed translucent gate.
  3915 | D:4      | Noticed qw's ghost (amateur GrFi)
  4046 | D:4      | 4046 ||| UPGRADING to +2 hat.
  4051 | D:4      | 4051 ||| DROPPING +2 leather armour of willpower.
  4052 | D:4      | 4052 ||| DROPPING amulet of faith.
  4066 | D:5      | Entered Level 5 of the Dungeon
  4090 | D:5      | Identified the +1 falchion of Reinforcement {elec, rPois}
  4098 | D:5      | Noticed Pikel
  4110 | D:5      | HP: 6/41 [lemure[Pikel] (6)]
  4111 | D:5      | 4111 ||| READING 3 scrolls of teleportation.
  4114 | D:5      | 4114 ||| READING 2 scrolls of teleportation.
  4390 | D:5      | Noticed Dowan
  4394 | D:5      | Killed Dowan
  4394 | D:5      | Noticed Duvessa
  4395 | D:5      | 4395 ||| Stepping ~*~*~tactically~*~*~ (stealth).
  4396 | D:5      | 4396 ||| Stepping ~*~*~tactically~*~*~ (stealth).
  4434 | D:5      | You fall into a shaft and drop 3 floors!
  4435 | D:8      | 4435 ||| DRINKING 2 ruby potions.
  4436 | D:8      | 4436 ||| DROPPING potion of flight.
  4452 | D:7      | Identified the +8 whip of the Inviting Lamprey {vorpal,
                  | Str+4}
  4454 | D:7      | 4454 ||| DROPPING +0 flail.
  4476 | D:7      | HP: 2/41 [wight/+3 great sword (9)]
  4477 | D:7      | 4477 ||| READING scroll of teleportation.
  4477 | D:7      | Slain by a wight

Levels and vault maps discovered:
D:1:      dpeg_arrival_rhombi, layout_basic, chequers_serial_rivers_micro_e
D:2:      layout_rooms, serial_shops, nicolae_shop_waterfront,
          nicolae_square_shop, nicolae_shop_stone,
          nicolae_shop_bloodbath_and_beyond, shop,
          ebering_ecumenical_altar_webs, kennysheep_donut,
          kennysheep_generic_room_11
D:3:      cheibrodos_pilgrimage, layout_rooms, chequers_serial_rivers_small_b,
          uniq_jessica
D:4:      layout_basic, mainiacjoe_overflow_paths, ebering_ghost_gozag,
          serial_shops, shop, nrook_mini_vaults
D:5:      layout_basic, grunt_ministairs_6, uniq_pikel, uniq_duvessa
D:7:      layout_cave_pools, uniq_menkaure
D:8:      layout_loops_corners, nicolae_alphabet_shops,
          chequers_serial_rivers_small_b,
          nicolae_concentric_dashed_squares_mild, uniq_psyche, uniq_maurice

Skill      XL: |  1  2  3  4  5  6  7 |
---------------+----------------------+-----
Axes           | 2 3 4 |  4.2
Shields        | 4 6 7 |  7.7
Fighting       | |  3.2
Armour         | |  3.2

Action                   |  1- 3 |  4- 6 |  7- 9 || total
-------------------------+-------+-------+-------++-------
Melee: War axe           |   107 |    99 |    42 ||   248
Throw: Boomerang         |       |    17 |    14 ||    31
  Use: Scroll            |     2 |     5 |     3 ||    10
       Potion            |     1 |       |     1 ||     2
Armor: Scale mail        |    57 |    39 |    13 ||   109
Dodge: Dodged            |    42 |    26 |    13 ||    81
Block: Buckler           |    19 |       |       ||    19
       Tower shield      |       |    51 |    49 ||   100

Table legend:
 A = Non-vault XP
 B = Vault XP
 C = Vault XP percentage of total XP
 D = Non-vault monster count
 E = Vault monster count
 F = Vault count percentage of total count
                 A         B        C        D         E       F
            +---------+---------+-------+---------+---------+-------
      Total |     613 |     214 |  25.9 |      70 |      11 |  13.6
            +---------+---------+-------+---------+---------+-------
        D:1 |      46 |       0 |   0.0 |      26 |       0 |   0.0
        D:2 |      64 |      14 |  17.9 |      18 |       2 |  10.0
        D:3 |      37 |     128 |  77.6 |      11 |       8 |  42.1
        D:4 |     453 |       0 |   0.0 |      14 |       0 |   0.0
        D:5 |      13 |      72 |  84.7 |       1 |       1 |  50.0
            +---------+---------+-------+---------+---------+-------
